 Dungeon Crawl Stone Soup version 0.30-a0-23-ge60ba3568b (webtiles) character file.

Game seed: 7899026495904181399

52 nono the Trooper (level 3, -3/31 HPs)
             Began as a Palentonga Fighter on Aug 24, 2022.
             Killed from afar by Sigmund (12 damage)
             ... with a puff of flame
             ... on level 2 of the Dungeon.
             The game lasted 00:04:22 (1231 turns).

nono the Trooper (Palentonga Fighter)               Turns: 1231, Time: 00:04:23

Health: -3/31      AC:  9    Str: 21    XL:     3   Next: 60%
Magic:  3/3        EV:  8    Int:  8    God:
Gold:   108        SH:  5    Dex: 18    Spells: 2/2 levels left

rFire   . . .      SeeInvis +    a - +0 war axe
rCold   . . .      Faith    .    c - +0 buckler
rNeg    + + +      Spirit   .    p - +3 leather armour "Bulic" {rN+++ Will- Str-2 Dex+9}
rPois   .          Reflect  .    m - +0 helmet
rElec   .          Harm     .    (no cloak)
rCorr   .          Rampage  .    (no gloves)
Will    .....                    (no barding)
Stlth   +.........               (no amulet)
HPRegen 0.10/turn                (no ring)
MPRegen 0.08/turn                (no ring)

@: mighty
A: large, rugged brown scales 3, see invisible, deformed body, roll 1, armoured
tail
a: Rolling Charge


You were on level 2 of the Dungeon.
You visited 1 branch of the dungeon, and saw 2 of its levels.

You collected 108 gold pieces.

Inventory:

Hand Weapons
 a - a +0 war axe (weapon)
Armour
 b - a +0 scale mail
 c - a +0 buckler (worn)
 g - a +0 chain mail
 m - a +0 helmet (worn)
 p - the +3 leather armour "Bulic" (worn) {rN+++ Will- Str-2 Dex+9}
   (You took it off a kobold on level 2 of the Dungeon)

   Str:       It affects your strength (-2).
   Dex:       It affects your dexterity (+9).
   rN:        It renders you almost immune to negative energy.
   Will:      It decreases your willpower.
Scrolls
 f - a scroll of fear {unknown}
 h - a scroll of immolation {unknown}
 k - a scroll of poison {unknown}
 n - a scroll of identify {unknown}
Potions
 e - a potion of flight {unknown}
 i - a potion of ambrosia {unknown}
 j - 2 potions of degeneration {unknown}
 l - a potion of curing {unknown}
 o - a potion of attraction {unknown}


   Skills:
 + Level 3.4 Fighting
 + Level 2.6 Axes
 + Level 2.8 Armour
 + Level 3.1 Shields


You had 2 spell levels left.
You didn't know any spells.
Your spell library was empty.

Dungeon Overview and Level Annotations

Branches:
Dungeon (2/15)

Altars:

Annotations:
D:2 Sigmund


Innate Abilities, Weirdness & Mutations

You are completely covered in rugged brown scales. (AC +3, +7% HP)
You have supernaturally acute eyesight. (SInv)
Armour fits poorly on your strangely shaped body.
You can roll at nearby foes to attack.
You have a long armoured tail.


Message History

Unknown command.
Okay, then.
You barely miss the hobgoblin.
Robin hits you from afar with a +0 spear.
The hobgoblin hits you but does no damage.
The hobgoblin barely misses you. Robin hits you but does no damage.
Sigmund hits you from afar with a +0 scythe.
The hobgoblin attacks as you move away!
The hobgoblin hits you but does no damage.
Things that are here:
a +0 dagger; a +0 dagger; a goblin corpse You feel very mighty all of a sudden.
The hobgoblin barely misses you. Robin barely misses you.
You slash the hobgoblin!
You kill the hobgoblin!
Robin hits you from afar with a +0 spear.
Unknown command.
Robin barely misses you. Sigmund misses you.
Things that are here:
a +0 dagger; a +0 dagger; a goblin corpse You slash Robin!
You tail-slap Robin.
You kill Robin!
Sigmund hits you from afar with a +0 scythe!
* * * LOW HITPOINT WARNING * * *
Unknown command.
Items here: ) [[[ †.
You slash Sigmund!
Sigmund is heavily wounded.
You block Sigmund's attack.
You barely miss Sigmund.
Sigmund is heavily wounded.
Sigmund completely misses you.
You hit Sigmund. You tail-slap Sigmund!
Sigmund is almost dead.
Sigmund hits you but does no damage.
You barely miss Sigmund.
Sigmund is almost dead.
Sigmund gestures at you while chanting. The puff of flame hits you!
You die...

....### #.......#
...#######.......#
#........#.......#
....####.####†####
#...####.####.####
........†.)..)...# #
....#.##.#.......# #.###
....#.##.#.####.)#...[..
)#.......#.##..)@@.#
......####.##.#.)###
......# #.......#
##...## #.......# #...#
####...## #...# ###.#
#...####### #.#
##.........# #.#
.....)......


You could see Sigmund (invisible).

Vanquished Creatures
  Robin (D:2)
  A bat (D:2)
  3 endoplasms
  A giant cockroach (D:2)
  9 goblins (D:2)
  7 hobgoblins
  3 jackals (D:2)
  2 quokkas
  3 ball pythons
  3 kobolds
  A rat (D:1)
34 creatures vanquished.

Vanquished Creatures (others)
  4 plants (D:2)
4 creatures vanquished.

Grand Total: 38 creatures vanquished

Notes
Turn   | Place    | Note
-------+----------+-------------------------------------------
     0 | D:1      | nono the Palentonga Fighter began the quest for the Orb.
     0 | D:1      | Reached XP level 1. HP: 19/19 MP: 1/1
   795 | D:2      | Reached XP level 2. HP: 24/25 MP: 2/2
   911 | D:2      | Identified the +3 leather armour "Bulic" {rN+++ Will- Str-2
                  | Dex+9}
  1210 | D:2      | Noticed Robin
  1213 | D:2      | Reached XP level 3. HP: 31/31 MP: 3/3
  1213 | D:2      | Noticed Sigmund
  1226 | D:2      | Killed Robin
  1231 | D:2      | Killed from afar by Sigmund

Illustrated notes

Levels and vault maps discovered:
D:1:      dpeg_arrival_three_bigger_balls, layout_basic, minmay_tromino_v2
D:2:      cheibrodos_old_hovel, layout_loops_cross, nicolae_shop_unique_rings,
          uniq_robin, uniq_sigmund, uniq_terence

Skill      XL: |  1  2 |
---------------+-------+-----
Shields        | 3 |  3.1
Fighting       | |  3.4
Axes           | |  2.6
Armour         | |  2.8

Action                   || total
-------------------------++-------
Melee: War axe           ||    68
       Tailslap          ||    11
  Use: Potion            ||     1
Armor: Chain mail        ||    28
       Leather armour    ||    12
Dodge: Dodged            ||    22
Block: Buckler           ||    12

Table legend: (Time is in decaauts)
 A = Elapsed time spent in this place.
 B = Non-inter-level travel time spent in this place.
 C = Inter-level travel time spent in this place.
 D = Time resting spent in this place.
 E = Time spent auto-exploring this place.
 F = Levels seen in this place.
 G = Mean time per level.
                   A        B        C        D        E       F      G
               +--------+--------+--------+--------+--------+-----+--------+
         Total |   1258 |   1208 |     50 |      0 |    991 |   2 |  629.0 |
       Dungeon |   1258 |   1208 |     50 |      0 |    991 |   2 |  629.0 |
               +--------+--------+--------+--------+--------+-----+--------+

Top non-repeatable levels by time:
     D:1: 788 daAuts
     D:2: 470 daAuts
